 Dungeon Crawl Stone Soup version 0.29-a0-284-gf9362112df (webtiles) character file.

Game seed: 339768395294453778

4 frimble the Skirmisher (level 1, 0/20 HPs)
             Began as a Djinni Cinder Acolyte on Mar 14, 2022.
             Was a High Priest of Ignis.
             Slain by a jackal (2 damage)
             ... on level 1 of the Dungeon.
             The game lasted 00:00:08 (117 turns).

frimble the Skirmisher (Djinni Cinder Acolyte)       Turns: 117, Time: 00:00:08

Health: 0/20       AC:  2    Str: 13    XL:     1   Next: 77%
Gold:   14         EV: 11    Int: 15    God:    Ignis [*****.] SH:  0 Dex:  8

rFire   + + +      SeeInvis .   a - -1 short sword (flame)
rCold   x . .      Faith    .   (no shield)
rNeg    . . .      Spirit   .   b - +0 robe
rPois   ∞          Reflect  .   (no helmet)
rElec   .          Harm     .   (no cloak)
rCorr   .          Rampage  .   (no gloves)
Will    .....                   (boots unavailable)
Stlth   +.........              (no amulet)
HPRegen 0.06/turn               (no ring)
MPRegen 0.00/turn               (no ring)

@: flying
A: sickness immunity, fire resistance 2, cold vulnerability 1, float, innate
caster, HP casting, extra vitality 1
a: Renounce Religion, Fiery Armour, Foxfire Swarm, Rising Flame


You were on level 1 of the Dungeon.
You worshipped Ignis.
Ignis was extremely pleased with you.
You visited 1 branch of the dungeon, and saw 1 of its levels.

You collected 14 gold pieces.

Inventory:

Hand Weapons
 a - a -1 short sword of flaming (weapon)
Armour
 b - a +0 robe (worn)
Potions
 c - a potion of degeneration {unknown}


   Skills:
 + Level 3.1 Fighting
 + Level 2.8 Short Blades
 + Level 2.5 Spellcasting


You had 3 spell levels left.
You knew the following spells:

 Your Spells              Type           Power      Damage    Failure   Level
a - Scorch                Fire           18%        2d6       12%         2
Your spell library was empty.

Dungeon Overview and Level Annotations

Branches:
Dungeon (1/15)

Altars:


Innate Abilities, Weirdness & Mutations

You are immune to sickness and miasma.
You are immune to poison.
Your flesh is very heat resistant. (rF++)
You are vulnerable to cold. (rC-)
You float through the air rather than walking.
You learn spells naturally, not from books.
Your magical power is your life essence.
You have superior vitality. (+4 MHP)


Message History

You hit the ball python. You burn the ball python.
You kill the ball python!
You completely miss the jackal. The jackal bites you.
You hit the jackal but do no damage. The jackal bites you.
You barely miss the jackal.
The jackal bites you but does no damage.
The jackal barely misses you.
You hit the jackal. You burn the jackal.
The jackal is moderately wounded.
The jackal bites you.
You hit the jackal. You burn the jackal.
The jackal is almost dead.
The jackal closely misses you. The jackal barely misses you.
You hit the jackal. You burn the jackal.
You kill the jackal!
You see here a jackal corpse.
A jackal comes into view.
A jackal, a hobgoblin and an endoplasm come into view.
The jackal barks!
The hobgoblin shouts!
A jackal comes into view.
The jackal barks!
The jackal barks!
There are monsters nearby!
The jackal bites you. The hobgoblin attacks as you move away!
The hobgoblin hits you. The jackal attacks as you move away!
The jackal bites you.
* * * LOW HITPOINT WARNING * * *
The jackal closely misses you.
You see here a jackal corpse.
The jackal attacks as you move away!
The jackal bites you but does no damage.
The jackal completely misses you.
You closely miss the jackal. The jackal completely misses you.
You closely miss the jackal. The jackal bites you.
* * * LOW HITPOINT WARNING * * *
The jackal barely misses you.
You miss the jackal. The jackal bites you.
* * * LOW HITPOINT WARNING * * *
You closely miss the jackal. The jackal bites you.
You die...

#..###..# #######
##..###.##.......
#.#..##....#(.#
...#.....†...#
#.#...##..####
##...####.########
#....# #..††....#
#..### ########.#
#.. #@# #.. #h#
#.. #h######.
#hg......
###J....>..
#.....#####
#........#
.......##....
....... .....#


You could see an endoplasm, 3 jackals and a hobgoblin.

Vanquished Creatures
  2 ball pythons (D:1)
  A jackal (D:1)
  2 rats (D:1)
5 creatures vanquished.

Notes
Turn   | Place    | Note
-------+----------+-------------------------------------------
     0 | D:1      | frimble the Djinni Cinder Acolyte began the quest for the
                  | Orb.
     0 | D:1      | Reached XP level 1. HP: 20/20 MP: 0/0
   116 | D:1      | HP: 1/20 [jackal (2)]
   117 | D:1      | Slain by a jackal

Illustrated notes

Levels and vault maps discovered:
D:1:      psy_arrival_dodecagon, layout_rooms, minivault_24,
          minmay_split_cup_large

Action                   || total
-------------------------++-------
Melee: Short sword       ||    23
Armor: Robe              ||     2
Dodge: Dodged            ||    17

Table legend: (Time is in decaauts)
 A = Elapsed time spent in this place.
 B = Non-inter-level travel time spent in this place.
 C = Inter-level travel time spent in this place.
 D = Time resting spent in this place.
 E = Time spent auto-exploring this place.
 F = Levels seen in this place.
 G = Mean time per level.
                   A        B        C        D        E       F      G
               +--------+--------+--------+--------+--------+-----+--------+
         Total |    116 |    116 |      0 |      0 |     73 |   1 |  116.0 |
       Dungeon |    116 |    116 |      0 |      0 |     73 |   1 |  116.0 |
               +--------+--------+--------+--------+--------+-----+--------+

Top non-repeatable levels by time:
     D:1: 116 daAuts
